 Dungeon Crawl Stone Soup version 0.26.1-11-gd32895ea62 (webtiles) character file.

Game seed: 845937015038899442

315 nothank2 the Shield-Bearer (level 6, -3/49 HPs)
             Began as a Formicid Fighter on July 14, 2021.
             Was an Initiate of Okawaru.
             Slain by a gnoll
             ... wielding a +0 halberd
              (12 damage)
             ... on level 4 of the Dungeon.
             The game lasted 00:05:29 (2818 turns).

nothank2 the Shield-Bearer (Formicid Fighter)       Turns: 2818, Time: 00:05:30

Health: -3/49      AC: 12    Str: 22    XL:     6   Next: 72%
Magic:  6/6        EV:  8    Int:  8    God:    Okawaru [......]
Gold:   139        SH: 10    Dex: 10    Spells: 5/5 levels left

rFire    + . .     SeeInvis +   a - +0 long sword
rCold    + . .     Faith    .   c - +0 kite shield
rNeg     . . .     Spirit   .   b - +0 scale mail
rPois    .         Reflect  .   (helmet unavailable)
rElec    .         Harm     .   y - scarf {rC+ rF+}
rCorr    .         Rampage  .   x - +0 pair of gloves
Will     .....                  (no boots)
Stlth    ..........             (no amulet)
HPRegen  0.16/turn              A - +4 ring of protection
MPRegen  0.10/turn              (no ring)

@: no status effects
A: permanent stasis, dig shafts and tunnels, four strong arms, antennae 3
a: Dig, Shaft Self, Renounce Religion


You were on level 4 of the Dungeon.
You worshipped Okawaru.
Okawaru was noncommittal.
You visited 1 branch of the dungeon, and saw 4 of its levels.

You collected 139 gold pieces.

Inventory:

Hand Weapons
 a - a +0 long sword (weapon)
 i - a +4 whip
 w - a +2 mace of draining
Missiles
 t - 22 poisoned darts (quivered)
Armour
 b - a +0 scale mail (worn)
 c - a +0 kite shield (worn)
 x - a +0 pair of gloves (worn)
 y - a scarf of resistance (worn)
Jewellery
 A - a +4 ring of protection (left hand)
Wands
 m - a wand of digging (1)
 o - a wand of paralysis (8)
Scrolls
 f - a scroll of teleportation {unknown}
 g - 4 scrolls of identify {unknown}
 h - a scroll of remove curse {unknown}
 k - a scroll of fog {unknown}
 l - a scroll of amnesia {unknown}
 q - a scroll of fear {unknown}
 r - a scroll of immolation {unknown}
 s - a scroll of random uselessness {unknown}
 z - a scroll of blinking {unknown}
Potions
 d - 2 potions of might
 e - a potion of flight {unknown}
 j - 2 potions of cancellation {unknown}
 n - 3 potions of curing {unknown}
 p - 2 potions of berserk rage {unknown}
 u - a potion of resistance {unknown}
 v - a potion of lignification {unknown}


   Skills:
 + Level 4.4 Fighting
 * Level 4.3 Long Blades
 + Level 4.5 Armour
 + Level 5.0 Shields


You had 5 spell levels left.
You didn't know any spells.
Your spell library contained the following spells:

 Spells                   Type           Power        Failure   Level
 Magic Dart               Conj           0%           95%         1
 Call Imp                 Summ           0%           98%         2
 Slow                     Hex            0%           98%         2
 Conjure Flame            Conj/Fire      0%           100%        3
 Mephitic Cloud           Conj/Pois/Air  0%           100%        3
 Blink                    Tloc           Unusable     N/A         2

Dungeon Overview and Level Annotations

Branches:
Dungeon (4/15)
 Temple: D:4-7

Altars:
Cheibriados
Dithmenos
Elyvilon
Gozag
Okawaru
Zin


Innate Abilities, Weirdness & Mutations

You cannot be hasted, slowed, berserked, paralysed or teleported.
You can dig through walls and to a lower floor.
Your four strong arms can wield two-handed weapons with a shield.
You have a pair of large antennae on your head. (SInv)


Message History

You closely miss the gnoll.
The gnoll is severely wounded.
You block the gnoll's attack. x2; The gnoll hits you but does no damage.
You barely miss the gnoll.
The gnoll is severely wounded.
You block the gnoll's attack. The gnoll barely misses you.
You block the gnoll's attack. The gnoll hits you but does no damage.
You hit the gnoll but do no damage.
The gnoll is severely wounded.
You block the gnoll's attack. x2; The gnoll hits you but does no damage. x2
You barely miss the gnoll.
The gnoll is severely wounded.
The gnoll hits you from afar with a +0 halberd!
* * * LOW HITPOINT WARNING * * *
The gnoll hits you but does no damage. You block the gnoll's attack.
You barely miss the gnoll.
The gnoll is severely wounded.
The gnoll hits you but does no damage. x2
The gnoll hits you from afar with a +0 halberd!
You die...

#.... ..##...#...##...
#....###+##..###..##...
#........###'###..##...
#........'.............
#........#.............
....##..##..###.###.##
##+ #..#######.###.#
#..g##!..#..........#
#....@...#..........#
#..gg....#..........#
#####################


You could see 3 gnolls.

Vanquished Creatures
  A scorpion (D:4)
  An orc priest (D:4)
  Jessica (D:2)
  2 orc wizards
  A gnoll (D:4)
  3 adders
  A shadow imp (D:3)
  An ooze (D:2)
  5 worms
  2 dart slugs
  2 leopard geckos
  8 orcs
  11 bats
  3 giant cockroaches
  11 hobgoblins
  6 jackals
  A ball python (D:2)
  4 frilled lizards
  6 goblins
  9 kobolds
  8 rats
87 creatures vanquished.

Vanquished Creatures (others)
  6 toadstools (D:4)
6 creatures vanquished.

Grand Total: 93 creatures vanquished

Notes
Turn   | Place    | Note
-------+----------+-------------------------------------------
     0 | D:1      | nothank2 the Formicid Fighter began the quest for the Orb.
     0 | D:1      | Reached XP level 1. HP: 18/18 MP: 1/1
   129 | D:1      | Reached XP level 2. HP: 24/24 MP: 2/2
   415 | D:1      | Reached XP level 3. HP: 26/29 MP: 3/3
   832 | D:2      | Reached skill level 4 in Shields
   919 | D:2      | Noticed Jessica
   935 | D:2      | Killed Jessica
   936 | D:2      | Reached XP level 4. HP: 5/37 MP: 4/4
  1383 | D:2      | Found a faded altar of an unknown god.
  1519 | D:2      | Reached XP level 5. HP: 42/42 MP: 5/5
  2477 | D:4      | Reached XP level 6. HP: 45/48 MP: 6/6
  2516 | D:4      | Found a glowing silver altar of Zin.
  2518 | D:4      | Found an iron altar of Okawaru.
  2520 | D:4      | Found a shadowy altar of Dithmenos.
  2520 | D:4      | Found an opulent altar of Gozag.
  2531 | D:4      | Reached skill level 5 in Shields
  2533 | D:4      | Found a white marble altar of Elyvilon.
  2534 | D:4      | Found a snail-covered altar of Cheibriados.
  2539 | D:4      | Became a worshipper of Warmaster Okawaru
  2818 | D:4      | Slain by a gnoll

Illustrated notes

Levels and vault maps discovered:
D:1:      dpeg_arrival_rooms_a, layout_basic, bh_walls_and_bars
D:2:      layout_basic, nicolae_overflow_hidden_temple,
          chequers_ecumenical_altar_lobes, minivault_14, uniq_jessica
D:3:      layout_rooms
D:4:      cheibrodos_fertilizer, layout_gridville, grunt_temple_overflow_open,
          minmay_temple_entry_poolview

Skill      XL: |  1  2  3  4  5  6 |
---------------+-------------------+-----
Shields        | 4 5 |  5.0
Long Blades    | 3 4 |  4.3
Armour         | 4 |  4.5
Fighting       | 4 |  4.4

Action                   |  1- 3 |  4- 6 || total
-------------------------+-------+-------++-------
Melee: Long sword        |   110 |   169 ||   279
Armor: Scale mail        |    58 |    70 ||   128
Dodge: Dodged            |    55 |    65 ||   120
Block: Kite shield       |    67 |    89 ||   156
       Rpst.: Long sword |    16 |    15 ||    31
